 Dungeon Crawl Stone Soup version 0.27.1-35-g4d5d836560 (webtiles) character file.

Game seed: 3706480381063573108

247 cbfl8 the Chopper (level 6, -3/47 (52) HPs)
             Began as a Hill Orc Fighter on Sept 12, 2022.
             Was an Initiate of Beogh.
             Slain by Natasha (5 damage)
             ... on level 4 of the Dungeon.
             The game lasted 00:02:33 (2804 turns).

cbfl8 the Chopper (Hill Orc Fighter)                Turns: 2804, Time: 00:02:33

HP:   -3/47 (52)    AC:  7    Str: 20    XL:     6   Next: 11%
MP:   6/6           EV:  7    Int:  8    God:    Beogh [......]
Gold: 156           SH:  9    Dex: 11    Spells: 5/5 levels left

rFire    . . .     SeeInvis .   a - +0 war axe
rCold    . . .     Faith    .   c - +0 kite shield
rNeg     . . .     Spirit   .   b - +0 scale mail
rPois    .         Reflect  .   (no helmet)
rElec    .         Harm     .   (no cloak)
rCorr    .         Rampage  .   (no gloves)
Will     .....                  (no boots)
Stlth    ..........             (no amulet)
HPRegen  0.15/turn              (no ring)
MPRegen  0.10/turn              (no ring)

@: slowed, drained, very slow
A: no striking features
a: Renounce Religion


You were on level 4 of the Dungeon.
You worshipped Beogh.
Beogh was noncommittal.
You visited 1 branch of the dungeon, and saw 4 of its levels.

You collected 156 gold pieces.

Inventory:

Hand Weapons
 a - a +0 war axe (weapon)
 e - a +0 hand axe of flaming
Armour
 b - a +0 scale mail (worn)
 c - a +0 kite shield (worn)
Scrolls
 d - a scroll of teleportation {unknown}
 f - a scroll of vulnerability {unknown}
 h - a scroll of immolation {unknown}
 i - a scroll of holy word {unknown}
 j - a scroll of enchant weapon {unknown}
 l - a scroll of amnesia {unknown}
 m - a scroll of blinking {unknown}
Potions
 g - 2 potions of attraction {unknown}
 k - a potion of lignification {unknown}


   Skills:
 * Level 4.3 Fighting
 * Level 5.2 Axes
 + Level 4.2 Armour
 * Level 1.0 Dodging
 + Level 4.1 Shields
 * Level 1.8 Evocations


You had 5 spell levels left.
You didn't know any spells.
Your spell library contained the following spells:

 Spells                   Type           Power      Damage    Failure   Level
 Summon Small Mammal      Summ           0%         N/A       99%         1
 Call Canine Familiar     Summ           0%         N/A       100%        3
 Summon Guardian Golem    Hex/Summ       0%         N/A       100%        3


Dungeon Overview and Level Annotations

Branches:
Dungeon (4/15)
 Temple: D:4-7

Altars:
Cheibriados

Annotations:
D:4 Natasha


Message History

The necrophage is almost destroyed.
The necrophage hits you.
You feel drained. You block the necrophage's attack.
You completely miss the necrophage.
The necrophage is almost destroyed.
Natasha stares at you and mumbles some strange words.
The magic dart hits you. The necrophage hits you.
* * * LOW HITPOINT WARNING * * *
Natasha stares at you and mumbles some strange words.
You feel yourself slow down.
You closely miss the necrophage.
The necrophage is almost destroyed.
You block the necrophage's attack.
Natasha stares at you and mumbles some strange words.
You feel as though you will be slow longer.
The necrophage hits you but does no damage.
You slash the necrophage!
You destroy the necrophage!
Beogh accepts your kill.
Natasha mumbles some strange words.
You feel disoriented.
Natasha mumbles some strange words.
You feel disoriented.
Natasha stares at you and mumbles some strange words.
The magic dart hits you.
* * * LOW HITPOINT WARNING * * *
Your Axes skill increases to level 5!
Your Dodging skill increases to level 1!
You have reached level 6!
Your experience leads to an increase in your attributes!
Increase (S)trength, (I)ntelligence, or (D)exterity?
You feel stronger.
Natasha stares at you and mumbles some strange words.
The magic dart hits you.
* * * LOW HITPOINT WARNING * * *
You closely miss Natasha. Natasha barely misses you.
Natasha claws you but does no damage.
You hit Natasha but do no damage.
Natasha mumbles some strange words.
Natasha claws you but does no damage. Natasha claws you.
You die...

.# ..# ..# ###### ...#
#....#########...#
#....##5.........#
#....##..........#
#.......@h..†..####
#.......###........
####)..........[...
####........##..).....
............##........
.###........##........
#........##########
####.....# #..<..#


You could see Natasha and a white imp (summoned).

Vanquished Creatures
  A necrophage (D:4)
  An orc priest (D:3)
  Terence (D:2)
  Natasha (D:4)
  4 dart slugs
  11 orcs (D:3)
  6 ball pythons
  3 endoplasms
  5 giant cockroaches
  4 goblins
  3 hobgoblins
  2 quokkas (D:1)
  6 bats
  7 frilled lizards
  A kobold (D:1)
  8 rats
64 creatures vanquished.

Vanquished Creatures (others)
  An orc (D:3)
1 creature vanquished.

Grand Total: 65 creatures vanquished

Notes
Turn   | Place    | Note
-------+----------+-------------------------------------------
     0 | D:1      | cbfl8 the Hill Orc Fighter began the quest for the Orb.
     0 | D:1      | Reached XP level 1. HP: 19/19 MP: 1/1
   212 | D:1      | Reached XP level 2. HP: 27/27 MP: 2/2
   272 | D:1      | Reached skill level 3 in Axes
   590 | D:1      | Reached XP level 3. HP: 33/33 MP: 3/3
   640 | D:1      | Found a faded altar of an unknown god.
   832 | D:2      | Noticed Terence
   840 | D:2      | Killed Terence
   841 | D:2      | Reached XP level 4. HP: 29/40 MP: 4/4
  1030 | D:2      | Found a snail-covered altar of Cheibriados.
  1703 | D:3      | Reached skill level 4 in Axes
  1912 | D:3      | Became a worshipper of Beogh the Brigand
  2169 | D:3      | Reached XP level 5. HP: 18/36 MP: 5/5
  2782 | D:4      | Noticed Natasha
  2782 | D:4      | Noticed a necrophage
  2788 | D:4      | Killed Natasha
  2789 | D:4      | Reached skill level 1 in Evocations
  2794 | D:4      | Noticed Natasha
  2798 | D:4      | Killed a necrophage
  2799 | D:4      | Reached skill level 5 in Axes
  2799 | D:4      | Reached skill level 1 in Dodging
  2799 | D:4      | Reached XP level 6. HP: 3/47 MP: 6/6
  2799 | D:4      | HP: 1/47 [Natasha/magic dart (2)]
  2804 | D:4      | Slain by Natasha

Illustrated notes

Levels and vault maps discovered:
D:1:      mrwooster_arrival_statue_2, layout_rooms,
          shapermc_ecumenical_altar_mp_highgroup, chequers_serial_rivers_room_b,
          minmay_pentomino_z2
D:2:      layout_basic, basic_altar, uniq_terence
D:3:      layout_rooms
D:4:      layout_basic, kennysheep_cluttered_room, minmay_hedge_maze,
          uniq_natasha, uniq_robin

Skill      XL: |  1  2  3  4  5 |
---------------+----------------+-----
Axes           | 3 4 5 |  5.2
Fighting       | 4 |  4.3
Armour         | 4 |  4.2
Shields        | 4 |  4.1
Evocations     | 1 |  1.8
Dodging        | 1 |  1.0

Action                   |  1- 3 |  4- 6 || total
-------------------------+-------+-------++-------
Melee: War axe           |    89 |   114 ||   203
Invok: Convert to Beogh  |       |     1 ||     1
  Use: Potion            |       |     1 ||     1
Armor: Scale mail        |    53 |    54 ||   107
Dodge: Dodged            |    27 |    46 ||    73
Block: Kite shield       |    53 |    54 ||   107
